 Dungeon Crawl Stone Soup version 0.31-a0-1227-g0136665373 (webtiles) character file.

Game seed: 5501759842091701322

50 LeprechaunX the Changeling (level 3, 0/24 HPs)
             Began as an Octopode Shapeshifter on Dec 14, 2023.
             Slain by a goblin
             ... wielding a +0 quarterstaff
              (9 damage)
             ... on level 2 of the Dungeon.
             The game lasted 00:01:18 (1103 turns).

LeprechaunX the Changeling (Octopode Shapeshifter)  Turns: 1103, Time: 00:01:19

Health: 0/24       AC:  1    Str: 13    XL:     3   Next: 79%
Magic:  3/3        EV: 13    Int: 12    God:
Gold:   137        SH:  0    Dex: 13    Spells: 2/2 levels left

rFire   . .          .
                       - Unarmed
rCold   . . .        (no shield)
rNeg    + . .        (helmet currently unavailable)
rPois   .            (no amulet)
rElec   .            i - ring of positive energy
rCorr   .            (no ring)
SInv    .            (no ring)
Will    .....        (no ring)
Stlth   ++           (no ring)
HPRegen 0.24/turn    (no ring)
MPRegen 0.08/turn    (no ring)
                     (no ring)

%: no passive effects
@: beast-form
A: beast (slay +2), almost no armour, amphibious, 8 rings, camouflage 1,
gelatinous body 1, (nimble swimmer 1), tentacles
a: Begin Untransformation


You were on level 2 of the Dungeon.
You were a hulking beast.
You visited 1 branch of the dungeon, and saw 2 of its levels.

You collected 137 gold pieces.

Inventory:

Hand Weapons
 m - a +0 sling
Jewellery
 i - a ring of positive energy (left tentacle)
Talismans
 b - a beast talisman
 c - a flux talisman
 h - a storm talisman
Scrolls
 d - 4 scrolls of teleportation {unknown}
 e - a scroll of enchant weapon {unknown}
 g - a scroll of revelation {unknown}
 k - 2 scrolls of fog {unknown}
 l - a scroll of fear {unknown}
Potions
 a - a potion of lignification
 f - 2 potions of attraction {unknown}
 j - a potion of curing {unknown}


   Skills:
 + Level 1.7 Fighting
 + Level 2.4 Dodging
 + Level 3.3 Unarmed Combat
 * Level 3.6 Shapeshifting


You had 2 spell levels left.
You didn't know any spells.
Your spell library was empty.

Dungeon Overview and Level Annotations

Branches:
Dungeon (2/15)

Altars:


Innate Abilities, Weirdness & Mutations

You are a hulking beast.
Your limbs bulge with bestial killing power. (Slay +2)
You cannot wear most types of armour.
You are amphibious.
You can wear up to eight rings at the same time.
Your skin changes colour to match your surroundings (Stealth+).
Your rubbery body absorbs attacks. (AC +1, EV +1)
((You are camouflaged when in or above water. (Stealth+)))
You have tentacles for arms and can constrict up to eight enemies at once.


Message History

Found 12 gold pieces and a throwing net.
The bat barely misses you. x2; The goblin barely misses you.
You closely miss the bat.
The endoplasm quivers.
The adder hisses angrily.
You grab the bat. You constrict the bat. The bat barely misses you.
The goblin hits you with a +0 quarterstaff.
The bat struggles to escape constriction.
You barely miss the bat.
The bat is moderately wounded.
You constrict the bat, but do no damage.
The bat barely misses you.
The bat escapes!
The goblin hits you with a +0 quarterstaff.
You tentacle-slap the worm. Your grab misses the worm.
The worm is moderately wounded.
The goblin hits you with a +0 quarterstaff!
You are too injured to fight recklessly!
You are too injured to fight recklessly!
You are too injured to fight recklessly!
You are too injured to fight recklessly!
You are too injured to fight recklessly!
You are too injured to fight recklessly!
You are too injured to fight recklessly!
You are too injured to fight recklessly!
You are too injured to fight recklessly!
You are too injured to fight recklessly!
You are too injured to fight recklessly!
You are too injured to fight recklessly!
You are too injured to fight recklessly!
You are too injured to fight recklessly!
You are too injured to fight recklessly!
You are too injured to fight recklessly!
You are too injured to fight recklessly!
You are too injured to fight recklessly!
Unknown command.
The goblin attacks as it pursues you! The goblin hits you but does no damage.
You see here a +0 dagger.
You closely miss the goblin. You grab the goblin. You constrict the goblin.
The goblin hits you with a +0 quarterstaff!
You die...

## .. ## ## #.# #(##...
..# ...#.# #. .. .#J..
#... b#.$#.##
#...##..##..#
#..bw##.!#### #####
####Sgh.....#
....#############.....#
###...........###.....#
....#########..>......#
###.## #............#
#..## #.####.......#
###..###..#
#.##......#########
##........# #.#
###..##........
...####..######.#
##..###<.......


You could see a worm, an adder, a goblin and a bat.

Vanquished Creatures
  2 dart slugs
  4 endoplasms (D:1)
  A giant cockroach (D:1)
  3 goblins
  4 hobgoblins
  11 jackals
  2 quokkas (D:2)
  A ball python (D:1)
  3 bats
  4 frilled lizards
  2 kobolds
  3 rats
40 creatures vanquished.

Notes
Turn   | Place    | Note
-------+----------+-------------------------------------------
     0 | D:1      | LeprechaunX the Octopode Shapeshifter began the quest for
                  | the Orb.
     0 | D:1      | Reached XP level 1. HP: 13/13 MP: 1/1
   168 | D:1      | Reached XP level 2. HP: 9/18 MP: 2/2
   284 | D:1      | Found a faded altar of an unknown god.
   311 | D:1      | Reached XP level 3. HP: 6/23 MP: 3/3
  1103 | D:2      | Slain by a goblin

Illustrated notes

Levels and vault maps discovered:
D:1:      roadster_arrival_rocket_small, layout_basic,
          hellmonk_ecumenical_altar_prayer_group
D:2:      layout_rooms, minmay_pentomino_w4

Action                     || total
---------------------------++-------
  Melee: Unarmed           ||    80
         Constrict         ||    21
         Tentacles         ||     8
   Stab: Sleeping          ||     5
         Distracted        ||     1
 Armour: Skin              ||    38
  Dodge: Dodged            ||    55

Table legend: (Time is in decaauts)
 A = Elapsed time spent in this place.
 B = Non-inter-level travel time spent in this place.
 C = Inter-level travel time spent in this place.
 D = Time resting spent in this place.
 E = Time spent auto-exploring this place.
 F = Levels seen in this place.
 G = Mean time per level.
                   A        B        C        D        E       F      G
               +--------+--------+--------+--------+--------+-----+--------+
         Total |   1097 |   1024 |     73 |      0 |    808 |   2 |  548.5 |
       Dungeon |   1097 |   1024 |     73 |      0 |    808 |   2 |  548.5 |
               +--------+--------+--------+--------+--------+-----+--------+

Top non-repeatable levels by time:
     D:1: 772 daAuts
     D:2: 325 daAuts
